 Dungeon Crawl Stone Soup version 0.30-a0-4-ga7cffc901d (webtiles) character file.

Game seed: 12061291861965136106

14004 xian the Unseen (level 11, -6/52 (55) HPs)
             Began as a Spriggan Delver on Aug 21, 2022.
             Was a High Priest of Fedhas.
             Killed from afar by Josephine (23 damage)
             ... with a ghostly fireball
             ... on level 12 of the Dungeon.
             The game lasted 01:13:16 (18479 turns).

xian the Unseen (Spriggan Delver)                  Turns: 18479, Time: 01:13:17

HP:   -6/52 (55)    AC:  7    Str: 10    XL:     11   Next: 83%
MP:   11/13         EV: 26    Int: 25    God:    Fedhas [*****.]
Gold: 283           SH:  9    Dex: 30    Spells: 9/10 levels left

rFire   + + +      SeeInvis +    t - +6 dagger of Regicide {drain, Fly rF+++ Str-2 Dex+2}
rCold   . . .      Faith    .    w - +0 buckler
rNeg    . . .      Spirit   .    D - +0 acid dragon scales
rPois   .          Reflect  .    j - +1 hat of Loss {Fly Int+6 Dex+6}
rElec   .          Harm     .    x - scarf {repulsion}
rCorr   +          Rampage  .    (gloves unavailable)
Will    +....                    (boots unavailable)
Stlth   +++++++...               (no amulet)
HPRegen 0.17/turn                N - ring of Contentment {rCorr Dex+6}
MPRegen 0.13/turn                F - +6 ring of intelligence

@: flying, drained, repel missiles, very quick
A: very small, no large weapons, unfitting armour, see invisible, speed 3
a: Renounce Religion, Wall of Briars, Grow Ballistomycete, Overgrow, Grow Oklob


You were on level 12 of the Dungeon.
You worshipped Fedhas.
Fedhas was extremely pleased with you.
You visited 4 branches of the dungeon, and saw 16 of its levels.

You collected 1311 gold pieces.
You spent 1028 gold pieces at shops.

Inventory:

Hand Weapons
 q - the +7 spear of Superiority {vamp, rN+ rCorr Int-4}
   (You found it on level 8 of the Dungeon)

   It occasionally heals its wielder for a portion of the damage dealt when it
   wounds a living foe.
   Int:       It affects your intelligence (-4).
   rN:        It protects you from negative energy.
   rCorr:     It protects you from acid and corrosion.
 t - the +6 dagger of Regicide (weapon) {drain, Fly rF+++ Str-2 Dex+2}
   (You found it on level 8 of the Dungeon)

   A truly terrible weapon, it drains the life of any living foe it strikes.
   Str:       It affects your strength (-2).
   Dex:       It affects your dexterity (+2).
   rF:        It renders you almost immune to fire.
   Fly:       It grants you flight.
 E - the +7 mace "Jumudghy" {flame, Contam Dex+6}
   (You found it on level 10 of the Dungeon)

   It burns those it strikes, dealing additional fire damage.
   Dex:       It affects your dexterity (+6).
   Contam:    It causes magical contamination when unequipped.
Missiles
 J - 3 curare-tipped darts (quivered)
 K - 3 poisoned darts
Armour
 j - the +1 hat of Loss (worn) {Fly Int+6 Dex+6}
   (You acquired it on level 2 of the Dungeon)

   Int:       It affects your intelligence (+6).
   Dex:       It affects your dexterity (+6).
   Fly:       It grants you flight.
 w - a +0 buckler (worn)
 x - a scarf of repulsion (worn)
 D - +0 acid dragon scales (worn)
Jewellery
 F - a +6 ring of intelligence (right hand)
 N - the ring of Contentment (left hand) {rCorr Dex+6}
   (You bought it in a shop on level 11 of the Dungeon)

   [ring of dexterity]

   Dex:       It affects your dexterity (+6).
   rCorr:     It protects you from acid and corrosion.
Wands
 f - a wand of roots (4)
 g - a wand of digging (3)
 i - a wand of flame (8)
 H - a wand of acid (8)
 L - a wand of charming (17)
Scrolls
 c - a scroll of fog
 d - 2 scrolls of magic mapping
 e - a scroll of fear
 k - 4 scrolls of teleportation
 m - 3 scrolls of poison
 r - 2 scrolls of silence
 s - 2 scrolls of enchant weapon {unknown}
 u - a scroll of enchant armour
 y - 3 scrolls of butterflies
 A - a scroll of summoning
 B - 3 scrolls of immolation {unknown}
Potions
 a - 8 potions of ambrosia
 b - 2 potions of magic
 h - 4 potions of curing
 l - 2 potions of lignification
 n - a potion of cancellation
 o - a potion of resistance
 p - 2 potions of might
 C - 4 potions of heal wounds
 G - 2 potions of invisibility
 M - a potion of berserk rage


   Skills:
 + Level 5.0 Fighting
 + Level 9.2 Short Blades
 + Level 8.2 Throwing
 + Level 3.1 Armour
 + Level 9.3 Dodging
 + Level 15.8 Stealth
 + Level 4.9 Shields
 + Level 2.3 Invocations
 + Level 3.8 Evocations


You had 9 spell levels left.
You knew the following spells:

 Your Spells              Type           Power      Damage    Failure   Level
a - Foxfire               Conj/Fire      0%         2x1d4     38%         1

Your spell library contained the following spells:

 Spells                   Type           Power      Damage    Failure   Level
 Slow                     Hex            0%         N/A       38%         1
 Ensorcelled Hibernation  Hex/Ice        0%         N/A       52%         2
 Confusing Touch          Hex            0%         N/A       77%         3
 Conjure Flame            Conj/Fire      0%         6-21      77%         3
 Gell's Gravitas          Tloc           0%         N/A       77%         3
 Inner Flame              Hex/Fire       0%         N/A       77%         3
 Spider Form              Tmut/Pois      0%         N/A       77%         3
 Teleport Other           Tloc           0%         N/A       77%         3
 Vampiric Draining        Necr           0%         2d6       77%         3
 Anguish                  Hex/Necr       0%         N/A       99%         4
 Flame Wave               Conj/Fire      0%         2d4       99%         4
 Dispersal                Tloc           0%         N/A       100%        6
 Borgnjor's Revivificati  Necr           0%         N/A       100%        8
 Necromutation            Tmut/Necr      0%         N/A       100%        8
 Death's Door             Necr           0%         N/A       100%        9


Dungeon Overview and Level Annotations

Branches:
Dungeon (12/15)            Temple (1/1) D:6            Lair (0/5) D:8
    Orc (2/2) D:11            Elf (1/3) Orc:2

Altars:
Ashenzari
Cheibriados
Dithmenos
Elyvilon
Fedhas
Gozag
Hepliaklqana
Kikubaaqudgha
Makhleb
Nemelex Xobeh
Okawaru
Qazlal
Ru
Sif Muna
Trog
Uskayaw
Vehumet
Wu Jian
Xom
Yredelemnul
Zin
The Shining One

Shops:
D:2 *   D:3 *   D:9 ?!   D:11 =

Annotations:
D:12 Josephine


Innate Abilities, Weirdness & Mutations

You are very small and have problems with some larger weapons.
You are too small for most types of armour.
You have supernaturally acute eyesight. (SInv)
You cover ground extremely quickly. (Speed+++)


Message History

Your ballistomycete spore explodes!
The ynoxinul appears confused.
The explosion of spores engulfs the ynoxinul.
The ynoxinul is moderately wounded.
The acid dragon appears confused.
The explosion of spores engulfs the acid dragon!
You kill the acid dragon!
Fedhas appreciates your contribution to the ecosystem.
The acid dragon scales are intact enough to wear.
The sixfirhy hits something!
The sixfirhy shocks something!
You hear an explosion!
The sixfirhy appears confused.
The explosion of spores engulfs the sixfirhy!!
The sixfirhy is severely wounded.
The sixfirhy hits the ynoxinul.
The sixfirhy shocks the ynoxinul.
The ynoxinul resists.
The sixfirhy hits the ynoxinul.
The sixfirhy shocks the ynoxinul.
The ynoxinul resists.
The sixfirhy hits itself but does no damage.
The ynoxinul hits your ballistomycete! The ynoxinul hits your ballistomycete!
Your ballistomycete is destroyed!
Your ballistomycete disappears in a puff of smoke!
The ynoxinul barely misses the ice devil.
You see here a +0 leather armour.
The sixfirhy seems less confused.
A wraith comes into view.
Josephine the Decaying Necromancer comes into view.
She is wielding a +0 dagger and wearing a +0 robe of willpower.
A wraith comes into view.
The wraith misses you.
Josephine shouts!
A wraith comes into view.
Josephine grinds her teeth.
Josephine misses you.
The kobold demonologist gestures wildly while chanting.
Josephine points at you and mumbles some strange words.
The ghostly flame explodes!
The ghostly fireball engulfs you!!
You feel drained.
You die...
Fedhas appreciates your contribution to the ecosystem.

..................######
.......................#
.......................#
........................
.........##W............
.........#..W...........
.....#.................#
##. ###.#..)@.........#
.. .#####..3W..@.......
.. ...#..#...l..........
.. .....................
..
......................
...........C.........##.
.#
........4K..............
.#
........[...............
..
.^.........4#...........
!>
.........>.##...........


You could see Josephine, a cyclops (very drained), a komodo dragon, an ice devil
(summoned), a kobold demonologist, a sixfirhy (summoned), 3 wraiths and a red
devil (summoned).

Vanquished Creatures
  Erica (D:11)
  2 two-headed ogres
  An orc knight (Orc:1)
  Maurice (Orc:1)
  An elephant (D:8)
  A komodo dragon (D:11)
  2 unseen horrors
  A queen bee (D:10)
  2 trolls
  A vampire (D:11)
  5 shadows
  Grum (D:10)
  12 yaks
  A steam dragon (D:9)
  2 acid dragons
  2 water moccasins
  10 orc warriors
  4 black bears
  A swamp drake (D:11)
  2 ice beasts
  8 ogres
  2 wolves (D:10)
  4 centaurs
  A phantom (D:5)
  A necrophage (D:8)
  2 bullfrogs
  4 gnoll sergeants
  A scorpion (D:5)
  4 wights (D:8)
  25 killer bees (D:10)
  4 howler monkeys
  6 hounds
  4 jellies
  9 orc priests
  Crazy Yiuf (D:3)
  A gnoll bouda (D:8)
  6 iguanas
  16 orc wizards
  Robin (D:3)
  15 gnolls
  9 adders
  3 shadow imps
  A white imp (D:6)
  An ufetubus (D:7)
  2 worms
  2 dart slugs
  47 orcs
  4 bats
  6 endoplasms
  4 giant cockroaches
  21 goblins
  7 hobgoblins
  6 jackals
  5 quokkas
  A ball python (D:1)
  3 frilled lizards
  7 kobolds
  7 rats
  A ballistomycete spore (D:10)
305 creatures vanquished.

Vanquished Creatures (collateral kills)
  2 orc warriors (Orc:1)
  An ogre (Orc:1)
  A kobold brigand (D:7)
  An orc priest (Orc:1)
  An orc wizard (D:7)
  10 orcs
  2 kobolds (D:7)
  9 ballistomycete spores
27 creatures vanquished.

Vanquished Creatures (others)
  A howler monkey (D:12)
  A ballistomycete spore (D:8)
  2 fungi (D:3)
4 creatures vanquished.

Grand Total: 336 creatures vanquished

Notes
Turn   | Place    | Note
-------+----------+-------------------------------------------
     0 | D:5      | xian the Spriggan Delver began the quest for the Orb.
     0 | D:5      | Reached XP level 1. HP: 11/11 MP: 2/2
    12 | D:5      | Noticed an ogre
    75 | D:5      | Noticed a jelly
    78 | D:5      | Noticed an iguana
    98 | D:5      | Noticed an ogre
   122 | D:5      | Noticed an ice beast
   272 | D:4      | Found a blossoming altar of Fedhas.
   577 | D:3      | Reached XP level 2. HP: 16/16 MP: 3/3
   672 | D:3      | Found Cogge's Assorted Antiques.
   816 | D:2      | Reached skill level 8 in Stealth
  1187 | D:2      | Reached XP level 3. HP: 19/19 MP: 4/4
  1280 | D:2      | Found Luzu's Assorted Antiques.
  1488 | D:1      | You fall into a shaft and drop 1 floor!
  2621 | D:1      | Found a faded altar of an unknown god.
  3082 | D:1      | Reached XP level 4. HP: 23/23 MP: 5/5
  3790 | D:2      | Bought a scroll labelled HAOSUS TUYROWE for 25 gold pieces
  3790 | D:2      | Bought a scroll labelled PYHEXZ FA ESADO for 25 gold pieces
  3790 | D:2      | Bought a white potion for 22 gold pieces
  3792 | D:2      | Identified a scroll of acquirement
  3793 | D:2      | Acquired the +1 hat of Loss {Fly Int+6 Dex+6}
  3846 | D:3      | Bought a gluggy clear potion for 17 gold pieces
  3891 | D:3      | Noticed Robin
  4401 | D:3      | Found a runed translucent door.
  4402 | D:3      | Noticed Crazy Yiuf
  4484 | D:3      | Killed Crazy Yiuf
  4485 | D:3      | Reached skill level 1 in Throwing
  4776 | D:3      | Killed Robin
  4777 | D:3      | Reached XP level 5. HP: 25/27 MP: 6/6
  4865 | D:4      | Found a sparkling altar of Nemelex Xobeh.
  4865 | D:4      | Found an opulent altar of Gozag.
  5037 | D:4      | Became a worshipper of Fedhas Madash
  5418 | D:4      | Reached XP level 6. HP: 28/32 MP: 7/7
  5428 | D:4      | Learned a level 1 spell: Foxfire
  5873 | D:5      | Noticed an ice beast
  5875 | D:5      | Killed an ice beast
  5876 | D:5      | Reached skill level 9 in Stealth
  5876 | D:5      | Reached skill level 1 in Shields
  5876 | D:5      | Reached skill level 1 in Evocations
  5882 | D:5      | Found a basalt altar of Yredelemnul.
  6083 | D:4      | Reached * piety under Fedhas
  6084 | D:4      | Reached skill level 5 in Short Blades
  6084 | D:4      | Reached XP level 7. HP: 13/36 MP: 8/8
  7362 | D:5      | Reached XP level 8. HP: 40/40 MP: 9/9
  7388 | D:5      | Reached skill level 10 in Stealth
  7709 | D:6      | Found a staircase to the Ecumenical Temple.
  7729 | Temple   | Entered the Ecumenical Temple
  7857 | D:6      | Found a white marble altar of Elyvilon.
  7892 | D:6      | Reached ** piety under Fedhas
  8125 | D:6      | Reached skill level 5 in Dodging
  8143 | D:6      | Found a sacrificial altar of Ru.
  8352 | D:6      | Reached skill level 11 in Stealth
  8935 | D:7      | Found a broken altar of Ashenzari.
  9250 | D:7      | Reached skill level 5 in Throwing
  9397 | D:7      | Found a shimmering blue altar of Sif Muna.
  9454 | D:7      | Noticed a two-headed ogre
  9455 | D:7      | Noticed a deep elf pyromancer
  9608 | D:7      | Found an ornate altar of the Wu Jian Council.
  9702 | D:7      | Reached XP level 9. HP: 36/45 MP: 7/10
 10399 | D:8      | Found a stormy altar of Qazlal.
 10731 | D:8      | Identified the +6 dagger of Regicide {drain, Fly rF+++
                  | Str-2 Dex+2}
 10749 | D:8      | Noticed an unseen horror
 10753 | D:8      | Killed an unseen horror
 10754 | D:8      | Reached skill level 12 in Stealth
 10758 | D:8      | Identified the +7 spear of Superiority {vamp, rN+ rCorr
                  | Int-4}
 10890 | D:8      | Reached *** piety under Fedhas
 10935 | D:8      | Found a staircase to the Lair.
 10937 | D:8      | Noticed an elephant
 10942 | D:8      | Killed an elephant
 10951 | D:8      | Reached skill level 1 in Invocations
 10952 | D:8      | Reached skill level 13 in Stealth
 10959 | D:8      | Reached XP level 10. HP: 44/49 MP: 7/12
 11550 | D:9      | Found Gewalucw's Magic Scroll Boutique.
 11557 | D:9      | Found Juemem's Distillery.
 11558 | D:9      | Noticed a two-headed ogre
 11938 | D:9      | Killed a two-headed ogre
 11939 | D:9      | Reached skill level 1 in Armour
 11939 | D:9      | Reached skill level 14 in Stealth
 12238 | D:9      | Bought a potion of degeneration for 17 gold pieces
 12251 | D:9      | Bought a scroll of identify for 24 gold pieces
 12251 | D:9      | Bought a scroll of identify for 24 gold pieces
 12251 | D:9      | Bought a scroll of teleportation for 36 gold pieces
 12251 | D:9      | Bought a scroll of noise for 12 gold pieces
 12501 | D:10     | Entered Level 10 of the Dungeon
 12509 | D:10     | Identified the +7 mace "Jumudghy" {flame, Contam Dex+6}
 13019 | D:10     | Got the Parchment of the Arsonist
 13366 | D:10     | Identified the +2 helmet of the Catamount {rN+}
 13371 | D:10     | Noticed Grum
 13430 | D:10     | Killed Grum
 13796 | D:10     | Reached **** piety under Fedhas
 14062 | D:10     | Reached XP level 11. HP: 31/53 MP: 13/13
 14862 | D:11     | Noticed a two-headed ogre
 14867 | D:11     | Killed a two-headed ogre
 14915 | D:11     | Found Gemenets's Jewellery Emporium.
 14950 | D:11     | Reached ***** piety under Fedhas
 15041 | D:11     | Noticed Erica
 15059 | D:11     | Killed Erica
 15267 | D:11     | Found a staircase to the Orcish Mines.
 15270 | D:11     | Noticed a skeletal warrior
 15272 | D:11     | Noticed a skeletal warrior
 15272 | D:11     | Noticed a skeletal warrior
 15273 | D:11     | Noticed a skeletal warrior
 15281 | D:11     | Noticed a skeletal warrior
 15592 | D:11     | Reached skill level 15 in Stealth
 16502 | Orc:1    | Entered Level 1 of the Orcish Mines
 16583 | Orc:2    | Entered Level 2 of the Orcish Mines
 16631 | Orc:2    | Found a staircase to the Elven Halls.
 16777 | Orc:1    | Noticed an orc knight
 16842 | Orc:1    | Killed an orc knight
 17314 | Orc:1    | Noticed Maurice
 17332 | Orc:1    | Killed Maurice
 17802 | Elf:1    | Entered Level 1 of the Elven Halls
 17802 | Elf:1    | Noticed a deep elf pyromancer
 17802 | Elf:1    | Noticed a deep elf zephyrmancer
 17802 | Elf:1    | Noticed a deep elf zephyrmancer
 17802 | Elf:1    | Noticed a deep elf zephyrmancer
 17802 | Elf:1    | Noticed a +3 antimagic halberd
 17804 | Elf:1    | Noticed a +4 long sword of holy wrath
 17831 | Orc:2    | Noticed a two-headed ogre
 17833 | Orc:2    | Noticed an ogre mage
 18112 | D:11     | Bought the ring of Contentment {rCorr Dex+6} for 826 gold
                  | pieces
 18308 | D:12     | Reached skill level 5 in Fighting
 18458 | D:12     | Noticed a sixfirhy
 18471 | D:12     | Noticed Josephine
 18479 | D:12     | Killed from afar by Josephine

Illustrated notes

Levels and vault maps discovered:
D:1:      erik_arrival_blinker_ship, layout_basic, ebering_ecumenical_altar_webs
D:2:      layout_basic, serial_shops, shop
D:3:      layout_rooms, serial_shops, nicolae_diamond_shop, dk_noncrumbling_3,
          uniq_crazy_yiuf_cottage, uniq_robin
D:4:      layout_basic, grunt_temple_overflow_opulence, lemuel_crystal_altar
D:5:      layout_rooms, mainiacjoe_overflow_catwalk, minmay_pentangle
D:6:      layout_cave_pods, mainiacjoe_overflow_paths,
          nicolae_ru_sacrificial_ziggurat, minmay_temple_entry_tees,
          kennysheep_nondescript, minmay_between
D:7:      layout_loops_ring, cheibrodos_ashenzari_chains,
          mainiacjoe_overflow_surrounded_room, nicolae_wu_jian_wuxing_cycle,
          lightli_corner_chamber
D:8:      layout_basic, nicolae_qazlal_scattered_showers, david_lair_generic,
          minmay_quadrilaterals
D:9:      layout_cross, serial_shops, shop_fountains, nicolae_shop_waterfront
D:10:     layout_rooms, special_room [special_room_bee], uniq_grum
D:11:     layout_stronghold, erik_orc_1, serial_shops, shop,
          nicolae_kite_square_tiling_tiny, uniq_erica
D:12:     layout_cave_pools, drop_trap, uniq_josephine
Temple:   hellmonk_temple_two_chambers
Orc:1:    layout_caves, lemuel_statue_altar, uniq_maurice
Orc:2:    st_orc_open, layout_caves, basic_altar, minmay_orc_keep
Elf:1:    minmay_elf_arrival_circle, layout_geoelf_octagon,
          hangedman_elf_disciples, fountainhead, hangedman_elf_simple_split,
          uniq_louise

Skill      XL: |  1  2  3  4  5  6  7  8  9 10 11 |
---------------+----------------------------------+-----
Stealth        | 8 9 11 13 14 15 | 15.8
Dodging        | 3 4 5 6 8 9 |  9.3
Short Blades   | 3 4 5 6 7 9 |  9.2
Throwing       | 1 2 4 5 7 8 |  8.2
Fighting       | 3 4 5 |  5.0
Shields        | 1 2 3 4 |  4.9
Evocations     | 1 2 3 |  3.8
Invocations    | 1 2 |  2.3
Armour         | 2 3 |  3.1

Action                   |  1- 3 |  4- 6 |  7- 9 | 10-12 || total
-------------------------+-------+-------+-------+-------++-------
Melee: Short sword       |   160 |    29 |       |       ||   189
       Dagger            |       |   140 |   271 |   574 ||   985
Throw: Dart              |     8 |    51 |    87 |    56 ||   202
       Boomerang         |       |       |       |     1 ||     1
Invok: Wall of Briars    |       |       |     3 |       ||     3
       Grow Ballistomyce |       |       |     1 |     3 ||     4
       Overgrow          |       |       |       |     1 ||     1
Evoke: Wand              |       |     6 |     3 |     7 ||    16
  Use: Potion            |     3 |     3 |       |     1 ||     7
       Scroll            |       |     7 |     3 |    10 ||    20
 Stab: Sleeping          |    14 |     7 |    20 |    17 ||    58
       Distracted        |       |     1 |       |     4 ||     5
       Confused          |       |       |     4 |     1 ||     5
Armor: Robe              |    13 |    11 |    11 |       ||    35
       Skin              |    16 |       |       |       ||    16
       Acid dragon scale |       |       |     1 |    36 ||    37
Dodge: Dodged            |   115 |    82 |   172 |   346 ||   715
       Repelled          |       |       |     1 |     3 ||     4
Block: Buckler           |    25 |    38 |    84 |   200 ||   347

Table legend: (Time is in decaauts)
 A = Elapsed time spent in this place.
 B = Non-inter-level travel time spent in this place.
 C = Inter-level travel time spent in this place.
 D = Time resting spent in this place.
 E = Time spent auto-exploring this place.
 F = Levels seen in this place.
 G = Mean time per level.
                   A        B        C        D        E       F      G
               +--------+--------+--------+--------+--------+-----+--------+
         Total |  14129 |  13846 |    283 |   2363 |   6776 |  16 |  883.1 |
       Dungeon |  12991 |  12724 |    267 |   1917 |   6472 |  12 | 1082.6 |
        Temple |    102 |    102 |      0 |     86 |      0 |   1 |  102.0 |
  Orcish Mines |   1027 |   1012 |     15 |    360 |    304 |   2 |  513.5 |
   Elven Halls |      7 |      7 |      0 |      0 |      0 |   1 |    7.0 |
               +--------+--------+--------+--------+--------+-----+--------+

Top non-repeatable levels by time:
    D:11: 1819 daAuts
     D:2: 1580 daAuts
    D:10: 1509 daAuts
     D:4: 1384 daAuts
     D:8: 1127 daAuts
     D:5: 1027 daAuts
     D:7: 986 daAuts
     D:3: 977 daAuts
     D:1: 975 daAuts
   Orc:1: 830 daAuts
     D:6: 785 daAuts
     D:9: 561 daAuts
    D:12: 256 daAuts
   Orc:2: 196 daAuts
  Temple: 102 daAuts
